Map: 아크로폴리스 - 래더

Players

Zest

  • Race: Protoss Protoss
  • League: Master
  • Spawn Location: 5:00

SuperNova - Winner!

  • Race: Terran Terran
  • League: Grandmaster
  • Spawn Location: 11:00

VOD

Have the link to the VOD?

Description

Time

  • Played on: Aug. 8, 2019, 6:21 a.m.
  • Length: 27:23
Show
View Real Time Build Order
Export as new Build Order

Zest Protoss 

Build Orders: 1 Gate Expand, Blink Stalkers, Carriers 

Get SALT Encoding   

  12  0:00  Probe  
  13  0:12  Probe  
  14  0:18  Pylon  
  14  0:23  Probe  
  15  0:32  Probe  
  15  0:36  Gateway  
  15  0:40  Probe  
  16  0:45  Assimilator  
  17  0:52  Probe  
  18  1:04  Probe  
  19  1:16  Probe  
  20  1:23  Cybernetics Core  
  20  1:28  Probe  
  21  1:34  Nexus  
  21  1:42  Pylon  
  21  1:44  Probe  
  22  1:49  Assimilator  
  22  1:50  Adept  
  22  1:56  Probe  
  25  2:01  Warp Gate  
  25  2:08  Probe  
  26  2:11  Stalker  
  26  2:20  Probe  
  29  2:32  Probe  
  29  2:34  Robotics Facility  
  30  2:44  Probe x2  
  30  2:49  Stalker  
  34  2:52  Probe  
  34  2:56  Probe  
  36  3:00  Probe, Twilight Council  
  37  3:08  Probe  
  38  3:12  Probe  
  38  3:14  Observer  
  38  3:15  Blink  
  39  3:20  Probe  
  39  3:25  Probe  
  42  3:29  Gateway x2  
  42  3:32  Probe  
  43  3:37  Probe  
  44  3:44  Pylon  
  44  3:45  Probe  
  45  3:49  Probe  
  45  3:54  Pylon  
  45  3:55  Assimilator  
  46  4:02  Observer  
  47  4:03  Stalker  
  47  4:05  Pylon  
  47  4:06  Probe x2  
  51  4:18  Probe x2  
  53  4:25  Observer  
  53  4:27  Stalker  
  53  4:28  Stalker  
  58  4:33  Nexus  
  58  4:35  Pylon  
  59  4:38  Probe x2  
  59  4:40  Stalker  
  62  4:49  Pylon  
  62  4:50  Probe x2  
  65  4:52  Observer  
  65  4:54  Stalker  
  65  4:56  Stalker  
  69  5:02  Probe x2  
  69  5:05  Stalker  
  69  5:06  Pylon  
  73  5:20  Observer  
  69  5:26  Probe x2  
  69  5:27  Nexus  
  71  5:31  Forge  
  67  5:38  Probe x2  
  69  5:46  Observer  
  69  5:50  Probe x2  
  69  5:51  Stalker x3  
  77  6:01  Pylon  
  77  6:02  Probe x2  
  77  6:03  Protoss Ground Weapons Level 1  
  79  6:06  Observer  
  79  6:13  Nexus  
  79  6:14  Probe x2  
  80  6:23  Observer  
  80  6:26  Probe  
  80  6:27  Probe  
  82  6:38  Observer, Probe x2, Assimilator  
  82  6:39  Stargate  
  84  6:40  Assimilator  
  84  6:43  Probe  
  84  6:46  Probe x2  
  85  6:51  Probe  
  85  6:53  Assimilator  
  90  6:54  Probe x2, Immortal  
  90  6:58  Pylon  
  90  6:59  Protoss Air Weapons Level 1  
  90  7:00  Probe  
  93  7:05  Probe x2  
  96  7:12  Probe  
  96  7:13  Stalker x3  
  103  7:17  Probe x2  
  103  7:18  Pylon  
  103  7:20  Stargate  
  105  7:24  Photon Cannon, Fleet Beacon  
  105  7:25  Stargate  
  105  7:26  Probe x2  
  105  7:28  Assimilator  
  105  7:29  Probe x2  
  109  7:31  Assimilator  
  109  7:36  Oracle  
  109  7:38  Probe  
  109  7:39  Probe  
  109  7:41  Probe x2  
  116  7:44  Photon Cannon  
  116  7:50  Probe  
  116  7:51  Probe  
  118  7:52  Pylon  
  118  7:57  Tempest x2, Immortal  
  118  7:58  Nexus  
  122  8:01  Pylon  
  122  8:04  Probe x3  
  125  8:05  Pylon  
  125  8:10  Tempest  
  135  8:14  Cybernetics Core  
  140  8:24  Stargate x2  
  140  8:28  Photon Cannon  
  140  8:40  Tempest  
  145  8:47  Tempest  
  150  8:54  Assimilator  
  150  8:55  Photon Cannon  
  150  8:56  Protoss Shields Level 1  
  150  8:58  Protoss Air Weapons Level 2  
  150  8:59  Assimilator  
  150  9:03  Tempest  
  155  9:10  Protoss Air Armor Level 1  
  153  9:18  Tempest  
  158  9:30  Nexus, Tempest x2  
  158  9:32  Pylon  
  158  9:33  Probe  
  158  9:34  Probe x4  
  173  9:39  Tempest  
  173  9:44  Forge  
  178  9:45  Dark Shrine  
  178  9:47  Observer  
  178  9:51  Photon Cannon x2  
  178  9:53  Photon Cannon  
  178  9:54  Tempest  
  178  9:55  Shield Battery  
  178  9:56  Photon Cannon, Shield Battery  
  178  10:04  Tempest x2  
  190  10:35  Stalker  
  190  10:36  Stalker  
  190  10:41  Tempest  
  190  10:42  Tempest  
  192  10:48  Stalker, Tempest x2  
  160  10:51  Tempest  
  160  10:56  Protoss Air Armor Level 2  
  160  11:00  Stalker x2  
  174  11:05  Gateway  
  174  11:06  Gateway  
  174  11:10  Gateway  
  174  11:11  Gateway x2  
  174  11:12  Gateway  
  174  11:16  Protoss Ground Weapons Level 2, Protoss Shields Level 2  
  174  11:17  Gateway x2  
  174  11:18  Oracle x2  
  174  11:19  Gateway  
  180  11:26  Photon Cannon  
  180  11:28  Stalker x3  
  180  11:29  Observer, Oracle x2  
  185  11:34  Observer  
  188  11:41  Tempest  
  193  11:47  Assimilator  
  193  11:51  Assimilator  
  193  11:57  Observer  
  193  12:09  Warp Prism  
  195  12:31  Protoss Air Weapons Level 3  
  195  12:42  Charge  
  195  12:49  Gateway  
  195  12:50  Gateway  
  195  12:51  Gateway  
  195  12:53  Gateway  
  195  12:55  Gateway  
  195  12:57  Gateway  
  184  13:21  Tempest x5  
  184  13:23  Stalker  
  184  13:24  Stalker x7, Zealot x3  
  184  13:25  Zealot  
  137  13:52  Stalker x12  
  158  14:02  Tempest x3  
  156  14:03  Tempest  
  144  14:22  Zealot x10  
  160  14:24  Probe  
  160  14:25  Probe  
  155  14:41  Probe x2  
  155  14:42  Probe  
  155  14:44  Zealot x11  
  155  14:45  Observer, Probe  
  168  14:51  Observer  
  141  15:10  Carrier x3  
  159  15:20  Probe  
  159  15:21  Probe x3  
  163  15:24  Nexus  
  163  15:26  Templar Archives, Protoss Ground Weapons Level 3  
  163  15:34  Sentry x2  
  163  15:35  Sentry  
  169  15:44  Pylon  
  169  15:47  Pylon  
  169  15:48  Pylon, Oracle  
  168  16:04  Warp Prism  
  168  16:11  High Templar x12  
  182  16:15  Archon x4  
  182  16:16  Archon x2  
  194  16:21  Protoss Air Armor Level 3  
  193  16:30  Pylon  
  159  16:53  Stalker x12  
  175  16:57  Observer  
  155  17:21  Zealot  
  155  17:22  Zealot x5  
  167  17:23  Zealot x3  
  167  17:25  Zealot x3  
  167  17:27  Carrier x3  
  157  17:37  Carrier  
  177  17:56  Oracle  
  177  17:59  Sentry x3  
  177  18:00  Sentry x3  
  192  18:17  Nexus  
  184  18:36  Psionic Storm  
  158  18:44  High Templar x4  
  158  18:45  Zealot x4  
  158  18:46  Zealot x4  
  176  18:52  Oracle  
  176  18:53  Carrier  
  176  18:55  Oracle  
  175  19:07  High Templar  
  186  19:10  Pylon  
  177  19:38  Nexus  
  177  19:40  Observer  
  177  19:43  Oracle  
  177  19:44  Carrier  
  177  19:49  Probe x4  
  177  19:52  Carrier x2  
  196  20:21  Warp Prism, Assimilator  
  196  20:26  Assimilator  
  193  20:28  High Templar  
  193  20:29  High Templar  
  193  20:33  Photon Cannon x2  
  199  20:36  Protoss Ground Armor Level 1  
  199  20:45  Protoss Shields Level 3  
  193  21:25  High Templar x2  
  183  21:54  Zealot x6  
  181  21:55  Zealot x2  
  185  22:09  Archon  
  171  22:23  Stalker x2  
  171  22:24  Stalker x8  
  179  22:37  Archon  
  123  22:57  Void Ray x3  
  117  23:02  Pylon  
  117  23:04  High Templar x4  
  125  23:11  Dark Templar  
  137  23:52  Stalker x11  
  132  24:30  Observer  
  131  24:39  Void Ray x2  
  131  24:44  Zealot x3  
  137  24:53  Pylon  
  137  24:55  Pylon  
  137  25:10  Void Ray x2  
  137  25:12  Void Ray  
  137  25:13  Void Ray  
  137  25:17  Shield Battery x2  
  137  25:19  Shield Battery x2  
  144  25:34  Zealot x11  
  155  25:35  Zealot  
  155  25:36  Zealot x5  
  167  25:47  Observer  
  163  25:55  Void Ray  
  138  26:05  Zealot x10  
  138  26:06  Zealot x3  
Show
View Real Time Build Order
Export as new Build Order

SuperNova Terran - Winner!

Build Orders: 2 Factory, Cyclone Opening, Mech 

Get SALT Encoding   

  12  0:00  SCV  
  13  0:12  SCV  
  14  0:19  Supply Depot  
  14  0:25  SCV  
  15  0:41  Barracks  
  15  0:42  SCV  
  16  0:46  Refinery  
  16  0:54  SCV  
  17  1:06  SCV  
  18  1:17  Refinery  
  18  1:18  SCV  
  19  1:28  Reaper  
  19  1:30  Orbital Command  
  20  1:40  Supply Depot  
  20  1:54  Factory  
  20  1:57  SCV  
  21  2:09  SCV  
  22  2:21  SCV  
  22  2:33  SCV  
  22  2:34  Command Center  
  23  2:39  Factory Tech Lab  
  23  2:45  SCV  
  24  2:57  SCV, Cyclone  
  28  2:58  Mag-Field Accelerator  
  28  3:01  Supply Depot  
  28  3:09  Factory, SCV  
  29  3:15  Barracks Reactor  
  29  3:21  SCV  
  30  3:31  Cyclone  
  30  3:33  SCV  
  34  3:45  Armory  
  34  3:47  Orbital Command, Refinery  
  34  3:48  SCV  
  35  3:59  Widow Mine x2  
  39  4:04  SCV  
  39  4:08  Cyclone  
  43  4:12  SCV  
  43  4:16  SCV  
  45  4:20  Supply Depot  
  45  4:22  Widow Mine x2  
  49  4:24  SCV  
  49  4:28  SCV  
  51  4:36  SCV  
  51  4:38  Drilling Claws  
  52  4:40  SCV  
  52  4:42  Cyclone  
  52  4:44  Widow Mine  
  58  4:47  Widow Mine  
  58  4:48  SCV, Supply Depot  
  61  4:54  SCV  
  62  5:02  Command Center  
  62  5:06  Supply Depot  
  62  5:14  Cyclone  
  62  5:15  Widow Mine x2  
  60  5:21  SCV  
  60  5:24  Barracks Tech Lab  
  60  5:25  Factory  
  60  5:26  SCV  
  60  5:32  Refinery  
  60  5:34  SCV  
  61  5:40  SCV, Widow Mine x2  
  64  5:46  SCV  
  68  5:53  Terran Vehicle And Ship Armor Level 1  
  68  5:54  SCV  
  69  5:58  SCV  
  70  6:04  Siege Tank  
  70  6:05  Widow Mine x2  
  70  6:07  SCV  
  70  6:10  SCV  
  76  6:16  Orbital Command  
  76  6:18  Refinery  
  76  6:19  Siege Tank  
  76  6:22  SCV  
  76  6:23  Engineering Bay  
  79  6:32  SCV  
  79  6:33  Refinery  
  79  6:38  Siege Tank  
  79  6:39  Widow Mine x2  
  86  6:43  SCV  
  85  6:47  SCV  
  85  6:51  SCV  
  87  6:55  SCV  
  87  6:59  SCV  
  87  7:01  Missile Turret x2  
  87  7:02  Siege Tank, Widow Mine  
  87  7:04  SCV  
  87  7:07  Supply Depot  
  93  7:13  Supply Depot  
  93  7:20  Missile Turret, Sensor Tower  
  93  7:21  SCV, Siege Tank  
  97  7:23  SCV x2  
  97  7:29  Armory  
  99  7:33  SCV  
  99  7:34  Missile Turret  
  99  7:35  SCV x2  
  102  7:39  Siege Tank  
  102  7:40  Missile Turret  
  105  7:45  SCV  
  105  7:46  Factory  
  105  7:47  SCV  
  105  7:50  Factory  
  107  7:56  Barracks Reactor  
  107  7:57  SCV  
  108  7:59  Terran Vehicle Weapons Level 1  
  108  8:01  Siege Tank, Infernal Pre-Igniter  
  108  8:05  Hellion  
  113  8:07  Supply Depot  
  113  8:10  SCV x2  
  115  8:15  Missile Turret  
  115  8:18  Supply Depot  
  116  8:20  SCV, Missile Turret  
  116  8:28  Cyclone  
  116  8:33  Cyclone  
  122  8:34  Factory Tech Lab  
  122  8:36  Terran Vehicle And Ship Armor Level 2  
  122  8:44  Widow Mine x2  
  122  8:47  Supply Depot  
  126  8:51  Supply Depot, Widow Mine  
  126  8:52  Supply Depot, Widow Mine  
  130  8:56  Command Center  
  130  8:57  Supply Depot  
  130  8:58  Cyclone  
  133  9:08  Cyclone x2  
  139  9:11  Starport  
  139  9:19  Widow Mine x2  
  139  9:20  Widow Mine x2  
  139  9:21  Barracks Reactor  
  147  9:30  Cyclone  
  150  9:35  Supply Depot  
  150  9:40  Supply Depot, Cyclone x2  
  150  9:41  Widow Mine x2  
  150  9:42  Widow Mine  
  150  9:44  Smart Servos  
  162  9:52  Widow Mine  
  164  10:02  Cyclone  
  167  10:12  Cyclone x2  
  166  10:31  Hellion x4  
  166  10:35  Cyclone  
  172  10:44  Cyclone x2  
  149  10:52  Widow Mine  
  133  10:57  Widow Mine x3  
  133  10:59  Viking  
  133  11:01  Viking  
  139  11:07  SCV x2, Cyclone  
  139  11:11  Refinery  
  144  11:12  SCV, Planetary Fortress  
  144  11:14  Widow Mine  
  144  11:16  Cyclone x2  
  153  11:19  SCV x2  
  153  11:20  Widow Mine x3  
  153  11:22  Refinery  
  153  11:23  Barracks Reactor  
  153  11:24  SCV  
  160  11:26  Starport  
  160  11:27  Missile Turret  
  160  11:29  Missile Turret  
  160  11:30  Viking  
  160  11:31  SCV  
  160  11:32  Viking  
  163  11:37  SCV x2  
  163  11:39  Cyclone  
  164  11:41  Widow Mine  
  164  11:43  SCV, Widow Mine x3  
  173  11:49  Cyclone x2  
  179  12:02  Widow Mine  
  179  12:04  Viking, Widow Mine  
  179  12:05  Viking  
  187  12:11  Cyclone  
  182  12:18  Widow Mine x2  
  182  12:21  Viking, Cyclone  
  189  12:26  Cyclone, Widow Mine  
  192  12:31  Command Center  
  192  12:34  Terran Vehicle And Ship Armor Level 3, Terran Ship Weapons Level 1  
  190  12:38  Viking  
  190  12:40  Command Center  
  190  12:43  Cyclone  
  191  12:49  Viking  
  193  12:52  Viking  
  193  12:53  Cyclone  
  193  12:55  Viking  
  187  13:20  Viking  
  187  13:21  Cyclone  
  187  13:24  Cyclone  
  187  13:25  Viking  
  187  13:27  Cyclone, Widow Mine x2  
  187  13:28  Viking  
  175  13:34  Widow Mine  
  175  13:36  Viking  
  170  13:46  Widow Mine  
  172  13:50  Viking  
  172  13:53  Cyclone  
  177  13:56  Cyclone  
  177  13:57  Widow Mine  
  177  13:59  Cyclone  
  162  14:15  Widow Mine  
  159  14:18  SCV x4  
  159  14:20  Planetary Fortress  
  159  14:22  Refinery, Widow Mine  
  165  14:25  Cyclone  
  165  14:26  Viking x2  
  165  14:28  Terran Vehicle Weapons Level 2, Cyclone  
  165  14:31  Cyclone  
  167  14:41  Viking  
  156  14:47  Refinery  
  144  14:53  Widow Mine  
  144  14:57  Cyclone  
  134  15:00  Cyclone, Widow Mine  
  134  15:01  Widow Mine  
  134  15:02  SCV x2  
  134  15:03  Viking x2, Cyclone  
  134  15:05  Widow Mine  
  149  15:14  Widow Mine  
  149  15:20  Viking x2  
  149  15:21  Widow Mine  
  149  15:23  Widow Mine  
  149  15:26  Widow Mine  
  151  15:30  Cyclone  
  151  15:32  Cyclone, Command Center  
  151  15:33  Viking, Terran Ship Weapons Level 2  
  151  15:35  Cyclone  
  162  15:40  Widow Mine  
  164  15:46  Viking, Missile Turret  
  166  15:50  Viking  
  166  15:53  Missile Turret  
  166  15:54  Widow Mine x2  
  172  16:02  Viking, Cyclone  
  172  16:03  Viking  
  176  16:05  Cyclone, Widow Mine  
  176  16:06  Widow Mine  
  176  16:07  Cyclone  
  186  16:15  Widow Mine  
  186  16:16  Viking  
  190  16:22  Widow Mine  
  192  16:27  Widow Mine  
  192  16:29  Widow Mine  
  192  16:31  Viking  
  198  16:37  Cyclone  
  198  16:39  Cyclone  
  192  16:46  Viking x2  
  172  16:52  Viking  
  162  17:09  Cyclone  
  162  17:12  Viking  
  162  17:14  Cyclone  
  161  17:17  Widow Mine x2  
  161  17:18  Cyclone  
  161  17:19  Planetary Fortress  
  161  17:20  Orbital Command  
  161  17:22  Widow Mine  
  170  17:23  Command Center  
  170  17:25  Fusion Core, Starport  
  170  17:26  Starport  
  165  17:34  Refinery  
  157  17:39  Refinery  
  157  17:41  Cyclone  
  157  17:44  Widow Mine  
  157  17:46  Cyclone, Widow Mine x2  
  157  17:50  Cyclone  
  151  17:51  Viking  
  167  17:52  Missile Turret x2, Widow Mine  
  167  17:53  Missile Turret x2  
  167  17:57  Viking x3  
  177  18:06  Starport Tech Lab  
  177  18:09  Terran Ship Weapons Level 3  
  177  18:11  Starport Tech Lab  
  177  18:12  Widow Mine x2  
  181  18:13  Cyclone, Widow Mine  
  181  18:18  Cyclone  
  189  18:24  Widow Mine  
  189  18:26  Cyclone  
  185  18:39  Widow Mine  
  183  18:48  Battlecruiser  
  190  18:55  SCV x2  
  190  19:00  Orbital Command  
  191  19:05  Terran Vehicle Weapons Level 3  
  191  19:15  Missile Turret  
  191  19:16  Hellion x4, Missile Turret x2  
  194  19:35  Battlecruiser  
  199  19:54  Missile Turret x2  
  199  19:55  Missile Turret  
  199  20:08  Starport Tech Lab x2  
  199  20:12  Battlecruiser  
  192  20:23  Weapon Refit  
  192  20:25  Command Center  
  192  20:35  Widow Mine  
  192  20:36  Widow Mine x2  
  192  20:37  Battlecruiser  
  192  20:42  Battlecruiser  
  200  21:07  Refinery, Missile Turret  
  200  21:08  Missile Turret  
  200  21:11  Refinery  
  198  21:16  Missile Turret x2  
  198  21:17  Missile Turret  
  198  21:26  Missile Turret  
  198  21:27  Missile Turret  
  198  21:34  Battlecruiser  
  193  21:40  Battlecruiser  
  196  21:49  Battlecruiser  
  196  21:50  Widow Mine x2  
  191  21:58  Battlecruiser  
  180  22:11  SCV x2  
  160  22:22  Widow Mine x2  
  155  22:31  Widow Mine  
  155  22:36  Widow Mine  
  131  22:52  Widow Mine  
  131  22:58  Battlecruiser  
  139  23:00  Widow Mine  
  139  23:04  SCV x2  
  134  23:06  Refinery  
  134  23:08  SCV  
  135  23:15  Planetary Fortress  
  135  23:17  SCV  
  136  23:20  SCV  
  137  23:30  Missile Turret  
  137  23:33  Battlecruiser  
  134  23:46  Missile Turret  
  133  23:51  Battlecruiser  
  134  24:12  Widow Mine  
  134  24:14  Battlecruiser  
  142  24:30  Battlecruiser  
  142  24:38  Missile Turret  
  142  24:40  Missile Turret  
  142  24:41  Hellion x3, Missile Turret x3  
  148  24:48  SCV, Missile Turret  
  148  24:49  SCV x3  
  148  24:50  SCV  
  151  25:00  Battlecruiser  
  163  25:14  Battlecruiser  
  163  25:35  Battlecruiser  
  165  26:23  Widow Mine x2  
  166  26:39  Widow Mine x2  
Tags
 
Add a new tag
Caveats
  • Supply blocks, unpowered buildings, or Contaminate may cause inaccurate times.
  • Supply counts are checked every 10 seconds.